AoeStats
← kevlarpukks

Arena

509795916Analyzed
2v2 RM · 3d ago on Sep 28, 2026· 60m 55s· 4 players
Game mode
Random Map
Map size
Medium (4 player)
Population
200
Speed
Normal
Resources
Standard
Victory
Conquest
Starting age
Dark Age
Ending age
Imperial Age
RankedLock teamsTeams togetherTeam positionsShared explorationLock speedFull tech treeHidden civsTurbo modeCheats
Victory
Defeat
🇬🇧 Khmer · United Kingdom
395
+13
🇬🇧 Spanish · United Kingdom
373
+13
🇲🇽 Italians · Mexico
379
-15
🇺🇸 Ethiopians · United States
256
-11
kevlarpukks
12:00 Loom
14:10 Feudal Age
19:43 Double-Bit Axe
24:18 Castle Age
25:04 Forging
24:55 Scale Mail Armor
24:49 Fletching
25:09 Scale Barding Armor
25:49 Wheelbarrow
25:22 Gold Mining
25:24 Stone Mining
26:01 Bow Saw
25:39 Horse Collar
32:01 Imperial Age
32:14 Hand Cart
35:21 Bodkin Arrow
35:51 Chain Barding Armor
35:40 Padded Archer Armor
36:20 Iron Casting
37:43 Ballistics
38:25 Chemistry
38:48 Bloodlines
38:39 Husbandry
41:27 Heavy Plow
43:57 Crop Rotation
44:15 Tusk Swords
44:18 Double Crossbow
45:19 Bracer
46:21 Blast Furnace
46:56 Plate Barding Armor
46:30 Elite Ballista Elephant
47:10 Town Watch
50:14 Elite Battle Elephant
59:03 Hoardings
58:52 Conscription
Lieutenant Columbo
10:41 Loom
12:27 Feudal Age
21:10 Wheelbarrow
20:31 Town Watch
26:02 Double-Bit Axe
30:06 Castle Age
30:19 Bloodlines
30:49 Scale Barding Armor
30:58 Forging
50:30 Hand Cart
56:53 Imperial Age
Alexander5663
10:56 Feudal Age
17:03 Double-Bit Axe
28:32 Castle Age
34:25 Horse Collar
38:02 Heavy Plow
39:09 Gold Mining
39:10 Stone Mining
41:28 Bow Saw
42:44 Gold Shaft Mining
46:56 Royal Heirs
ThitherMender12
5:34 Loom
5:46 Loom
13:22 Feudal Age
14:24 Double-Bit Axe
14:32 Horse Collar
18:44 Scale Barding Armor
18:40 Scale Mail Armor
23:23 Castle Age
23:03 Loom
29:08 Bow Saw
36:26 Imperial Age
36:19 Heavy Plow
36:16 Crossbowman
38:21 Pikeman
40:41 Crop Rotation
39:55 Arbalester
40:43 Thumb Ring
42:31 Two-Man Saw
44:13 Elite Genoese Crossbowman
Connection lost

Rejoining the realm…

Still unreachable

The connection could not be restored.

Session expired

The server has moved on; the page needs a fresh start.